 Dungeon Crawl Stone Soup version 0.28-a0-1555-g9ae15a6949 (webtiles) character file.

Game seed: 14720313975308767685

107 HallandMoats the Skirmisher (level 4, 0/40 HPs)
             Began as a Ghoul Monk on Jan 18, 2022.
             Slain by an orc (1 damage)
             ... on level 3 of the Dungeon.
             The game lasted 00:02:40 (2776 turns).

HallandMoats the Skirmisher (Ghoul Monk)            Turns: 2776, Time: 00:02:41

Health: 0/40       AC:  5    Str: 22    XL:     4   Next: 85%
Magic:  3/3        EV: 11    Int:  5    God:
Gold:   63         SH:  0    Dex: 11    Spells: 3/3 levels left

rFire   . . .      SeeInvis .   b - +0 war axe (vamp)
rCold   + . .      Faith    .   (no shield)
rNeg    + + +      Spirit   .   i - +0 ring mail
rPois   ∞          Reflect  .   (no helmet)
rElec   .          Harm     .   (no cloak)
rCorr   .          Rampage  .   (no gloves)
Will    .....                   (no boots)
Stlth   +.........              (no amulet)
HPRegen 0.00/turn               e - +6 ring of strength
MPRegen 0.08/turn               (no ring)

@: inhibited regen
A: claws 1, cold resistance 1, negative energy resistance 3, inhibited
regeneration, torment resistance 2
a: no special abilities


You were on level 3 of the Dungeon.
You visited 1 branch of the dungeon, and saw 3 of its levels.

You collected 63 gold pieces.

Inventory:

Hand Weapons
 b - a +0 vampiric war axe (weapon)
Armour
 i - a +0 ring mail (worn)
Jewellery
 e - a +6 ring of strength (left claw)
Scrolls
 a - a scroll of enchant weapon {unknown}
 c - a scroll of blinking {unknown}
 f - a scroll of noise {unknown}
 g - 2 scrolls of identify {unknown}
Potions
 d - 3 potions of attraction {unknown}
 h - a potion of flight {unknown}


   Skills:
 * Level 4.2 Fighting
 * Level 1.9 Axes
 + Level 1.4 Armour
 + Level 3.2 Dodging
 - Level 2.1 Stealth
 - Level 3.2 Unarmed Combat


You had 3 spell levels left.
You didn't know any spells.
Your spell library contained the following spells:

 Spells                   Type           Power      Damage    Failure   Level
 Summon Hydra             Summ           0%         N/A       100%        7
 Sublimation of Blood     Necr           Unusable   N/A       N/A         2
 Wereblood                Tmut           Unusable   N/A       N/A         2

Dungeon Overview and Level Annotations

Branches:
Dungeon (3/15)

Altars:

Shops:
D:1 :


Innate Abilities, Weirdness & Mutations

You thrive by killing the living.
You are immune to poison.
You have sharp fingernails.
Your flesh is cold resistant. (rC+)
You are immune to negative energy. (rN+++)
You do not regenerate when monsters are visible.
You are immune to unholy pain and torment.


Message History

You scratch the orc.
The orc is heavily wounded.
The orc hits you but does no damage. The orc barely misses you.
The orc hits you with a +0 hand axe.
You barely miss the orc.
The orc is heavily wounded.
The orc priest hits you with a +2 short sword of flaming.
The orc priest burns you. The orc closely misses you.
The orc hits you with a +0 hand axe. The orc hits you but does no damage.
You closely miss the orc.
The orc is heavily wounded.
The orc priest hits you with a +2 short sword of flaming.
The orc priest burns you. The orc barely misses you.
The orc closely misses you. The orc hits you with a +0 dagger.
You are too injured to fight recklessly!
You are too injured to fight recklessly!
You are too injured to fight recklessly!
You are too injured to fight recklessly!
You are too injured to fight recklessly!
You are too injured to fight recklessly!
You are too injured to fight recklessly!
You are too injured to fight recklessly!
You are too injured to fight recklessly!
You are too injured to fight recklessly!
You feel a sense of dread.
b - a +0 vampiric war axe (weapon)
You closely miss the orc priest. You closely miss the orc.
You barely miss the orc. x2
The orc priest hits you with a +2 short sword of flaming.
The orc priest burns you. The orc barely misses you.
The orc hits you with a +0 hand axe.
* * * LOW HITPOINT WARNING * * *
The orc hits you but does no damage. The orc hits you with a +0 dagger.
* * * LOW HITPOINT WARNING * * *
The orc priest hits you with a +2 short sword of flaming.
* * * LOW HITPOINT WARNING * * *
The orc priest burns you.
* * * LOW HITPOINT WARNING * * *
The orc hits you with a +0 hand axe.
You die...

###########
########.........#
............oo...###
............@o......
.............o...###
.................#
........####.#####
........# #..#
........# ##.#
........
........#####.#
#..........
..............#
#..........
.##...........###
..........


You could see an orc priest and 3 orcs.

Vanquished Creatures
  3 gnolls
  2 adders (D:2)
  2 worms (D:2)
  A dart slug (D:3)
  6 endoplasms
  3 giant cockroaches
  4 goblins
  4 hobgoblins
  4 jackals (D:1)
  3 quokkas
  6 ball pythons
  2 bats
  5 frilled lizards
  4 kobolds (D:1)
  3 rats
52 creatures vanquished.

Vanquished Creatures (others)
  4 plants (D:3)
4 creatures vanquished.

Grand Total: 56 creatures vanquished

Notes
Turn   | Place    | Note
-------+----------+-------------------------------------------
     0 | D:1      | HallandMoats the Ghoul Monk began the quest for the Orb.
     0 | D:1      | Reached XP level 1. HP: 19/19 MP: 0/0
   299 | D:1      | Reached XP level 2. HP: 24/26 MP: 1/1
   917 | D:1      | Reached skill level 1 in Axes
   991 | D:1      | Reached XP level 3. HP: 27/33 MP: 2/2
  1184 | D:1      | Found Lagavvoyki's Book Boutique.
  1189 | D:1      | Reached skill level 1 in Armour
  1488 | D:2      | Found a faded altar of an unknown god.
  2035 | D:2      | Reached skill level 4 in Fighting
  2125 | D:2      | Reached XP level 4. HP: 28/40 MP: 3/3
  2776 | D:3      | HP: 1/40 [orc priest (3)]
  2776 | D:3      | Slain by an orc

Illustrated notes

Levels and vault maps discovered:
D:1:      dpeg_arrival_another_circle, layout_basic, serial_shops,
          nicolae_shop_trees
D:2:      layout_basic, shapermc_ecumenical_altar_venn, minmay_stone_trees_small
D:3:      layout_rooms, okawaru_gym_becter, nicolae_grassy_gnolls

Skill      XL: |  1  2  3 |
---------------+----------+-----
Axes           | 1 |  1.9
Armour         | 1 |  1.4
Dodging        | 3 |  3.2
Fighting       | 4 |  4.2
Stealth        | |  2.1
Unarmed Combat | |  3.2

Action                   |  1- 3 |  4- 6 || total
-------------------------+-------+-------++-------
Melee: Unarmed           |   128 |    40 ||   168
       War axe           |     7 |     1 ||     8
       Punch             |     7 |       ||     7
 Stab: Sleeping          |     4 |       ||     4
Armor: Robe              |    23 |       ||    23
       Ring mail         |       |    25 ||    25
Dodge: Dodged            |    77 |    30 ||   107

Table legend: (Time is in decaauts)
 A = Elapsed time spent in this place.
 B = Non-inter-level travel time spent in this place.
 C = Inter-level travel time spent in this place.
 D = Time resting spent in this place.
 E = Time spent auto-exploring this place.
 F = Levels seen in this place.
 G = Mean time per level.
                   A        B        C        D        E       F      G
               +--------+--------+--------+--------+--------+-----+--------+
         Total |   2768 |   2719 |     49 |    240 |   2087 |   3 |  922.7 |
       Dungeon |   2768 |   2719 |     49 |    240 |   2087 |   3 |  922.7 |
               +--------+--------+--------+--------+--------+-----+--------+

Top non-repeatable levels by time:
     D:1: 1463 daAuts
     D:2: 1214 daAuts
     D:3: 90 daAuts
